Map: Sequencer LE

Players

HateMe

  • Race: Zerg Zerg
  • Spawn Location: 1:00

Bly - Winner!

  • Race: Zerg Zerg
  • Spawn Location: 7:00

Event: WCS Valencia 2017

VOD

Have the link to the VOD?

Description

Time

  • Played on: July 13, 2017, 10:27 a.m.
  • Length: 7:54

All games in this series

Show
View Real Time Build Order
Export as new Build Order

HateMe Zerg 

Build Orders: Hatch First 

Get SALT Encoding   

  12  0:02  Drone  
  13  0:12  Overlord  
  13  0:17  Drone  
  14  0:31  Drone x2  
  14  0:35  Drone  
  17  0:52  Hatchery  
  17  0:56  Drone  
  17  0:59  Drone  
  17  1:03  Extractor  
  17  1:14  Spawning Pool  
  17  1:18  Drone  
  17  1:20  Drone  
  18  1:28  Drone  
  19  1:40  Overlord  
  19  2:00  Queen  
  21  2:04  Queen  
  21  2:05  Zergling x4  
  21  2:06  Metabolic Boost  
  25  2:15  Zergling x4  
  27  2:19  Zergling x2  
  27  2:22  Zergling x2  
  29  2:29  Zergling x2  
  30  2:30  Baneling Nest  
  30  2:36  Zergling x2  
  30  2:39  Zergling x2  
  31  2:47  Zergling x4  
  33  2:55  Zergling x2  
  34  3:03  Overlord  
  33  3:09  Overlord  
  32  3:20  Overlord  
  32  3:23  Zergling x6  
  32  3:27  Overlord  
  35  3:30  Zergling x2  
  35  3:31  Zergling x4  
  36  3:37  Drone  
  37  3:44  Drone x3  
  40  3:52  Overlord  
  40  3:54  Zergling x2  
  41  3:55  Zergling x2  
  41  3:59  Zergling x2  
  43  4:03  Zergling x2  
  43  4:10  Zergling x6  
  43  4:15  Baneling  
  43  4:16  Baneling  
  44  4:23  Zergling x2  
  44  4:24  Zergling x6  
  47  4:33  Lair  
  47  4:36  Overlord  
  47  4:37  Drone  
  48  4:39  Drone  
  48  4:43  Drone  
  49  4:51  Drone  
  49  4:52  Drone  
  40  5:04  Drone x7  
  46  5:09  Extractor x2  
  46  5:10  Extractor, Drone  
  44  5:16  Drone  
  45  5:25  Drone x2  
  47  5:31  Drone x4  
  51  5:39  Spire, Drone  
  51  5:42  Drone  
  52  5:45  Drone  
  52  5:48  Drone  
  54  5:50  Drone x2  
  56  6:02  Drone x3  
  58  6:09  Hatchery  
  57  6:25  Overlord  
  56  6:36  Spine Crawler  
  56  6:37  Zergling x20, Spine Crawler  
  64  6:48  Spine Crawler  
  64  6:50  Mutalisk  
  64  6:51  Mutalisk x2  
  67  6:55  Mutalisk  
  67  6:58  Mutalisk  
  67  7:00  Mutalisk  
  63  7:03  Mutalisk  
  62  7:09  Mutalisk x2  
  62  7:16  Mutalisk  
  62  7:21  Mutalisk  
  55  7:36  Zergling x2  
  49  7:37  Zergling x6  
Show
View Real Time Build Order
Export as new Build Order

Bly Zerg - Winner!

Build Orders: Hatch First 

Get SALT Encoding   

  12  0:01  Drone  
  13  0:12  Overlord  
  13  0:16  Drone  
  14  0:30  Drone  
  14  0:31  Drone  
  16  0:37  Drone  
  17  0:52  Hatchery  
  17  0:55  Drone  
  17  0:58  Drone  
  18  1:11  Spawning Pool  
  17  1:14  Drone  
  18  1:35  Hatchery  
  18  1:38  Drone  
  18  1:41  Drone  
  19  1:51  Drone x2  
  21  2:03  Queen  
  21  2:04  Queen  
  26  2:08  Zergling x2  
  26  2:13  Overlord  
  26  2:18  Overlord  
  26  2:22  Extractor, Drone  
  26  2:25  Drone  
  26  2:27  Drone  
  28  2:32  Drone  
  29  2:39  Queen  
  29  2:44  Drone x2  
  34  3:01  Drone x4  
  34  3:03  Drone  
  39  3:08  Drone x2  
  39  3:14  Evolution Chamber  
  39  3:16  Roach Warren  
  39  3:18  Zergling x4  
  39  3:24  Zergling x6  
  42  3:34  Evolution Chamber x2, Zergling x4  
  42  3:49  Drone x4  
  42  3:50  Queen  
  48  3:57  Roach  
  48  3:59  Overlord  
  50  4:05  Overlord  
  50  4:07  Extractor  
  49  4:16  Queen  
  49  4:18  Roach x3  
  49  4:23  Queen  
  55  4:26  Roach  
  57  4:33  Roach x2  
  61  4:39  Roach x2  
  61  4:40  Overlord  
  61  4:42  Extractor  
  57  5:01  Drone x5  
  57  5:02  Drone x5  
  67  5:07  Drone x2  
  67  5:10  Ravager  
  67  5:12  Zerg Missile Weapons Level 1  
  70  5:16  Drone x2  
  72  5:22  Lair  
  72  5:23  Drone  
  73  5:35  Drone  
  74  5:37  Overlord  
  74  5:41  Extractor, Overlord  
  74  5:42  Extractor  
  72  5:44  Overlord  
  72  5:55  Roach  
  72  5:56  Roach x4  
  82  6:02  Overlord  
  82  6:08  Roach x6  
  82  6:09  Roach  
  96  6:12  Overlord  
  96  6:20  Glial Reconstitution  
  96  6:25  Overseer  
  96  6:29  Drone x4  
  100  6:38  Drone x2  
  100  6:39  Drone  
  103  6:41  Drone x5  
  108  6:47  Drone x3, Roach x2  
  108  6:48  Spire  
  110  6:59  Ravager  
  110  7:01  Ravager  
  109  7:03  Ravager  
  104  7:18  Drone x10  
  113  7:27  Drone x3  
  113  7:28  Overlord  
  110  7:38  Drone x3  
Tags
 
Add a new tag
Caveats
  • Supply blocks, unpowered buildings, or Contaminate may cause inaccurate times.
  • Supply counts are checked every 10 seconds.